 Seeded DCSS version 0.27.0-1-g7a08968 (webtiles) character file.

Game seed: 17848141825139092340 (custom seed)

2737 NeededCrab the Fighter (level 9, -6/98 HPs)
             Began as an Ogre Berserker on Oct 22, 2021.
             Was an Elder of Trog.
             Killed by divine providence
             ... invoked by an orc priest
              (14 damage)
             ... on level 7 of the Dungeon.
             The game lasted 00:15:07 (7362 turns).

NeededCrab the Fighter (Ogre Berserker)             Turns: 7362, Time: 00:15:08

Health: -6/98      AC: 10    Str: 23    XL:     9   Next: 67%
Magic:  9/9        EV: 10    Int:  8    God:    Trog [****..]
Gold:   323        SH:  0    Dex: 11    Spells: 8/8 levels left

rFire    + . .     SeeInvis .   i - +2 dire flail (protect)
rCold    . . .     Faith    +   (shield currently unavailable)
rNeg     . . .     Spirit   .   b - +0 animal skin
rPois    +         Reflect  .   (helmet restricted)
rElec    .         Harm     .   (no cloak)
rCorr    .         Rampage  .   (gloves unavailable)
Will     ++...                  (boots unavailable)
Stlth    +.........             c - amulet of faith
HPRegen  1.26/turn              v - ring of protection from fire
MPRegen  0.11/turn              w - ring of poison resistance

@: lethally poisoned (-6 -> -6), strong-willed, under a protective aura, on
berserk cooldown, regenerating, slowed, studying Staves, very slow
A: large, unfitting armour, tough skin 1
a: Renounce Religion, Berserk, Trog's Hand, Brothers in Arms


You were on level 7 of the Dungeon.
You worshipped Trog.
Trog was greatly pleased with you.
You visited 1 branch of the dungeon, and saw 7 of its levels.

You collected 323 gold pieces.

Inventory:

Hand Weapons
 e - a +0 giant spiked club
 i - a +2 dire flail of protection (weapon)
 s - a +0 giant club
Armour
 b - a +0 animal skin (worn)
Jewellery
 c - an amulet of faith (around neck)
 k - an amulet of reflection
 v - a ring of protection from fire (left hand)
 w - a ring of poison resistance (right hand)
Wands
 j - a wand of flame (14)
 o - a wand of acid (9)
 x - a wand of paralysis (12)
Scrolls
 a - 5 scrolls of teleportation
 m - a scroll of acquirement {unknown}
 q - 2 scrolls of vulnerability
 u - a scroll of fog
Potions
 d - a potion of mutation {unknown}
 f - 2 potions of berserk rage
 g - 4 potions of lignification
 h - a potion of attraction {unknown}
 l - a potion of heal wounds {unknown}
 n - a potion of resistance {unknown}
 p - a potion of cancellation {unknown}
 r - a potion of might {unknown}
 t - 2 potions of magic {unknown}


   Skills:
 + Level 9.3 Fighting
 * Level 8.9 Maces & Flails
 + Level 5.2 Armour
 - Level 2.6 Dodging


You had 8 spell levels left.
You didn't know any spells.
Your spell library was empty.

Dungeon Overview and Level Annotations

Branches:
Dungeon (7/15)             Temple (0/1) D:4

Altars:
Elyvilon
Qazlal

Shops:
D:4 :


Innate Abilities, Weirdness & Mutations

You are too large for most types of armour.
You have tough skin. (AC +1)


Message History

Your weapon exudes an aura of protection.
The hornet is heavily wounded.
You feel sick. The hornet closely misses you.
You hear some strange, mumbled words.
A puff of flame appears from out of thin air!
The puff of flame hits you. You resist.
The orc priest hits you but does no damage.
The hornet barely misses you. Something hits you but does no damage.
You sock the hornet!
The hornet is almost dead.
You feel sick. The hornet misses you.
The orc priest hits you but does no damage.
Something hits you but does no damage. The hornet stings you!
* * * LOW HITPOINT WARNING * * *
The orc priest hits you with a +0 dagger.
* * * LOW HITPOINT WARNING * * *
You hit the hornet but do no damage.
The hornet is almost dead.
You feel sick. The hornet stings you.
* * * LOW HITPOINT WARNING * * *
You are more poisoned.
Something hits you but does no damage.
The orc priest hits you but does no damage.
The hornet closely misses you.
You sock the hornet!
You kill the hornet!
Trog accepts your kill.
You feel very sick. Something hits you.
* * * LOW HITPOINT WARNING * * *
The orc priest hits you with a +0 dagger.
* * * LOW HITPOINT WARNING * * *
Something hits you but does no damage.
You feel sick.
An orc wizard appears from thin air!
Reactivating autopickup.
The orc priest calls upon Beogh to heal the orc wizard.
The orc wizard is healed somewhat.
The orc priest calls down the wrath of Beogh upon you.
Beogh smites you!
You die...

.......<.#
#.######.# #
.#..#####)##.#
#.........)...#
#.#...#.##.#..#
#.#.#.#.##.#..#
#.##...#.........#
............#.#..#
.#.@oo..#.#..#
#.##...#.# .# #.
#........# ..
#...#.#..# .#.
....#.#
.........#.# ..
........ ###
#.#(.....


You could see an orc priest and an orc wizard.

Vanquished Creatures
  Pikel (D:4)
  Grinder (D:5)
  A hornet (D:7)
  Sigmund (D:2)
  Edmund (D:4)
  3 ogres
  A necrophage (D:6)
  A phantom (D:5)
  2 centaurs
  A kobold brigand (D:6)
  A scorpion (D:6)
  2 bullfrogs (D:6)
  A water moccasin zombie (D:6)
  A howler monkey (D:3)
  2 centaur zombies
  A centaur skeleton (D:6)
  4 hounds
  An orc priest (D:4)
  2 bullfrog skeletons
  Ijyb (D:4)
  Terence (D:3)
  Natasha (thrice) (D:2 D:3)
  4 orc wizards
  A killer bee zombie (D:5)
  A hound skeleton (D:4)
  A howler monkey skeleton (D:5)
  9 adders
  3 white imps
  A worm (D:2)
  3 dart slugs
  13 orcs
  7 ball pythons
  6 endoplasms
  2 giant cockroaches
  4 goblins
  6 hobgoblins
  4 jackals (D:3)
  3 quokkas
  4 bats
  3 frilled lizards
  8 kobolds
  3 rats
119 creatures vanquished.

Notes
Turn   | Place    | Note
-------+----------+-------------------------------------------
     0 | D:1      | NeededCrab the Ogre Berserker began the quest for the Orb.
     0 | D:1      | Reached XP level 1. HP: 24/24 MP: 1/1
   747 | D:1      | Reached XP level 2. HP: 32/32 MP: 2/2
  1371 | D:2      | Noticed Natasha
  1654 | D:2      | Noticed a crimson imp
  1657 | D:2      | Killed Natasha
  1658 | D:2      | Reached skill level 1 in Armour
  1658 | D:2      | Reached XP level 3. HP: 40/40 MP: 3/3
  1772 | D:2      | Noticed Sigmund
  1793 | D:2      | Killed Sigmund
  1794 | D:2      | Reached skill level 5 in Fighting
  1794 | D:2      | Reached XP level 4. HP: 49/50 MP: 4/4
  1794 | D:2      | Reached XP level 5. HP: 55/57 MP: 5/5
  1799 | D:2      | Noticed Natasha
  1813 | D:2      | Killed Natasha
  1813 | D:2      | Noticed Natasha
  1814 | D:2      | Reached XP level 6. HP: 22/66 MP: 6/6
  2007 | D:3      | Killed Natasha
  2209 | D:2      | Reached ** piety under Trog
  2359 | D:2      | Found a faded altar of an unknown god.
  2359 | D:2      | Noticed a great orb of eyes
  2362 | D:2      | Noticed a golden eye
  2362 | D:2      | Noticed a great orb of eyes
  2362 | D:2      | Noticed a golden eye
  2609 | D:3      | Found a stormy altar of Qazlal.
  3062 | D:3      | Reached skill level 5 in Maces & Flails
  3111 | D:3      | Found a white marble altar of Elyvilon.
  3530 | D:3      | Reached skill level 6 in Fighting
  3640 | D:3      | Noticed Terence
  3649 | D:3      | Killed Terence
  3650 | D:3      | Reached XP level 7. HP: 75/75 MP: 7/7
  3992 | D:4      | Reached *** piety under Trog
  4119 | D:4      | Found a staircase to the Ecumenical Temple.
  4243 | D:4      | Noticed Edmund
  4255 | D:4      | Killed Edmund
  4327 | D:4      | Found Sahekh's Book Shop.
  4337 | D:4      | Noticed Ijyb
  4341 | D:4      | Killed Ijyb
  4838 | D:4      | Noticed Pikel
  4849 | D:4      | Killed Pikel
  4850 | D:4      | Reached skill level 7 in Fighting
  4850 | D:4      | Reached XP level 8. HP: 87/87 MP: 8/8
  5256 | D:5      | Entered Level 5 of the Dungeon
  5629 | D:5      | Reached skill level 8 in Fighting
  5653 | D:5      | Noticed Grinder
  5666 | D:5      | Killed Grinder
  5667 | D:5      | Reached XP level 9. HP: 75/97 MP: 9/9
  6343 | D:6      | Reached **** piety under Trog
  6635 | D:6      | Reached skill level 9 in Fighting
  6979 | D:6      | Reached skill level 5 in Armour
  7352 | D:7      | Noticed a hornet
  7357 | D:7      | Paralysed by a hornet for 1 turns
  7361 | D:7      | Killed a hornet
  7362 | D:7      | Killed from afar by an orc priest

Illustrated notes

Levels and vault maps discovered:
D:1:      onia_arrival_handbag, layout_basic
D:2:      layout_basic, hellmonk_ecumenical_altar_watching_god, st_stairs_11,
          minmay_misc_feat_four_crosses, uniq_sigmund, uniq_natasha
D:3:      layout_basic, nicolae_qazlal_eye_of_the_storm, general_overflow_altar,
          minmay_increasing_density, uniq_terence
D:4:      layout_basic, minmay_temple_entry_slanted, serial_shops,
          shop_fountains, portal_sewer_entry_e, amcnicky_mini_corridor_feature,
          chequers_decorated_corner, hangedman_decor_slide_cut,
          chequers_serial_rivers_micro_b, kennysheep_generic_room_5, uniq_ijyb,
          uniq_pikel, uniq_edmund
D:5:      kb_forest_paths, layout_loops_ring, minmay_misc_feat_chi, uniq_grinder
D:6:      layout_loops_cross
D:7:      layout_basic, gammafunk_ghost_necromancy, serial_shops,
          kennysheep_mini_moat

Skill      XL: |  1  2  3  4  5  6  7  8  9 |
---------------+----------------------------+-----
Maces & Flails | 3 4 5 6 7 8 |  8.9
Armour         | 1 2 3 4 5 |  5.2
Fighting       | 5 6 7 8 9 |  9.3
Dodging        | |  2.6

Action                   |  1- 3 |  4- 6 |  7- 9 || total
-------------------------+-------+-------+-------++-------
Melee: Mace              |    51 |   113 |    40 ||   204
       Dire flail        |       |       |   156 ||   156
Invok: Berserk           |     7 |     9 |     8 ||    24
       Trog's Hand       |       |       |     3 ||     3
Evoke: Wand              |       |       |     1 ||     1
  Use: Scroll            |       |       |     9 ||     9
Armor: Animal skin       |    10 |    32 |    79 ||   121
Dodge: Dodged            |    17 |    72 |    80 ||   169
